 Dungeon Crawl Stone Soup version 0.21.1-1-g345015f (webtiles) character file.

134 empire the Charmwright (level 5, -1/43 HPs)
             Began as a Gnoll Skald on Apr 13, 2018.
             Slain by a gnoll
             ... wielding a +0 spear
              (4 damage)
             ... on level 3 of the Dungeon.
             The game lasted 00:03:23 (2105 turns).

empire the Charmwright (Gnoll Skald)                Turns: 2105, Time: 00:03:23

Health: -1/43      AC:  3    Str: 15    XL:     5   Next: 17%
Magic:  12/12      EV: 14    Int: 15    God:
Gold:   184        SH:  5    Dex: 14    Spells: 13/14 levels left

rFire    . . .     SeeInvis .   a - +0 scimitar
rCold    . . .     Gourm    .   (no shield)
rNeg     . . .     Faith    .   b - +0 leather armour
rPois    .         Spirit   .   (no helmet)
rElec    .         Reflect  +   (no cloak)
rCorr    .         Harm     .   (no gloves)
MR       .....                  (no boots)
Stlth    ++........             m - +5 amulet of reflection
HPRegen  0.14/turn              (no ring)
MPRegen  0.13/turn              (no ring)

@: berserk cooldown, slowed, very slow
A: distributed training, fangs 1, strong nose
a: no special abilities


You were on level 3 of the Dungeon.
You were hungry.

You visited 1 branch of the dungeon, and saw 4 of its levels.

You collected 184 gold pieces.

Inventory:

Hand Weapons
 a - a +0 scimitar (weapon)
Armour
 b - a +0 leather armour (worn)
Jewellery
 m - a +5 amulet of reflection (around neck)
Scrolls
 e - a scroll of magic mapping {unknown}
 g - 2 scrolls of teleportation
 k - 2 scrolls of remove curse {unknown}
 l - a scroll of fog {unknown}
 q - a scroll of identify
 r - a scroll of amnesia {unknown}
Potions
 n - a potion of curing {unknown}
 o - a potion of might {unknown}
 p - a potion of flight {unknown}
Books
 c - a book of Battle

   Spells                             Type                      Level
   a - Infusion                       Charms                       1
   b - Shroud of Golubria             Charms/Translocation         2
   c - Song of Slaying                Charms                       2
   d - Spectral Weapon                Hexes/Charms                 3
   e - Regeneration                   Charms/Necromancy            3
Comestibles
 d - 2 rations


   Skills:
 + Level 4.7 Fighting
 + Level 1.3 Short Blades
 + Level 4.7 Long Blades
 + Level 1.3 Axes
 + Level 1.3 Maces & Flails
 + Level 1.3 Polearms
 + Level 1.3 Staves
 + Level 1.3 Slings
 + Level 1.3 Bows
 + Level 1.3 Crossbows
 + Level 1.3 Throwing
 + Level 2.9 Armour
 + Level 4.7 Dodging
 + Level 1.3 Stealth
 + Level 1.3 Shields
 + Level 1.3 Unarmed Combat
 + Level 5.1 Spellcasting
 + Level 1.1 Conjurations
 + Level 1.1 Hexes
 + Level 5.5 Charms
 + Level 1.1 Summonings
 + Level 1.1 Necromancy
 + Level 1.1 Translocations
 + Level 1.1 Transmutations
 + Level 1.1 Fire Magic
 + Level 1.1 Ice Magic
 + Level 1.1 Air Magic
 + Level 1.1 Earth Magic
 + Level 1.1 Poison Magic
 + Level 1.5 Invocations
 + Level 1.3 Evocations


You had 13 spell levels left.
You knew the following spells:

 Your Spells              Type           Power        Failure   Level  Hunger
a - Infusion              Chrm           ###.         1%          1    None


Dungeon Overview and Level Annotations

Branches:
Dungeon (4/15)
 Temple: D:4-7

Altars:
Elyvilon


Innate Abilities, Weirdness & Mutations

Your experience applies equally to all skills.
You have very sharp teeth.
Your uncanny sense of smell can sniff out nearby items.


Message History

The gnoll hits you but does no damage. x2
The gnoll hits you but does no damage. The gnoll barely misses you.
The gnoll hits you but does no damage.
Your transformation is almost over.
The gnoll hits you but does no damage.
The gnoll hits you from afar with a spear.
* * * LOW HITPOINT WARNING * * *
The gnoll hits you but does no damage. The gnoll hits you but does no damage.
The gnoll barely misses you. The gnoll hits you but does no damage.
The gnoll barely misses you.
The gnoll hits you but does no damage. x2
As you read the scroll labeled ROIPTE FOTUYT, it crumbles to dust.
The creatures around you are filled with an inner flame!
It was a scroll of immolation.
You feel less wooden.
Your +0 leather armour unmelds from your body.
The gnoll barely misses you.
The gnoll hits you from afar with a spear.
You die...

.....##.......#..#
.....##.......#..#
.....##..........#
.....#########...#
.....# #.>.#
..^..# ###.#
.....# #g# .....#
#.# .....# #@#
.....# #.# #.####
#.# #.# #.# #.#
#)# #.# #.# #.#
#.# #.# #.# #.#
#.#


You could see a gnoll (inner flame).

Vanquished Creatures
  Natasha (thrice) (D:2)
  A worker ant (D:2)
  A gnoll (D:3)
  A dart slug (D:2)
  A leopard gecko (D:2)
  An orc (D:3)
  A ball python (D:2)
  4 bats
  2 giant cockroaches
  5 goblins
  A hobgoblin (D:1)
  A kobold (D:2)
  2 rats
24 creatures vanquished.

Notes
Turn   | Place    | Note
-------+----------+-------------------------------------------
     0 | D:1      | empire the Gnoll Skald began the quest for the Orb.
     0 | D:1      | Reached XP level 1. HP: 20/20 MP: 6/6
   561 | D:2      | Reached XP level 2. HP: 26/26 MP: 7/7
   579 | D:2      | Noticed Natasha
   591 | D:2      | Killed Natasha
   591 | D:2      | Reached skill level 5 in Spellcasting
   591 | D:2      | Reached XP level 3. HP: 18/31 MP: 7/9
   866 | D:2      | Reached skill level 1 in Short Blades
   866 | D:2      | Reached skill level 1 in Axes
   866 | D:2      | Reached skill level 1 in Maces & Flails
   866 | D:2      | Reached skill level 1 in Polearms
   866 | D:2      | Reached skill level 1 in Staves
   866 | D:2      | Reached skill level 1 in Slings
   866 | D:2      | Reached skill level 1 in Bows
   866 | D:2      | Reached skill level 1 in Crossbows
   866 | D:2      | Reached skill level 1 in Throwing
   866 | D:2      | Reached skill level 1 in Stealth
   866 | D:2      | Reached skill level 1 in Shields
   866 | D:2      | Reached skill level 1 in Unarmed Combat
   866 | D:2      | Reached skill level 1 in Invocations
   866 | D:2      | Reached skill level 1 in Evocations
   866 | D:2      | Reached XP level 4. HP: 21/38 MP: 11/11
  1192 | D:2      | Noticed Natasha
  1214 | D:2      | Killed Natasha
  1415 | D:2      | Noticed Natasha
  1423 | D:2      | Killed Natasha
  1423 | D:2      | Reached skill level 1 in Conjurations
  1423 | D:2      | Reached skill level 1 in Hexes
  1423 | D:2      | Reached skill level 1 in Summonings
  1423 | D:2      | Reached skill level 1 in Necromancy
  1423 | D:2      | Reached skill level 1 in Translocations
  1423 | D:2      | Reached skill level 1 in Transmutations
  1423 | D:2      | Reached skill level 1 in Fire Magic
  1423 | D:2      | Reached skill level 1 in Ice Magic
  1423 | D:2      | Reached skill level 1 in Air Magic
  1423 | D:2      | Reached skill level 1 in Earth Magic
  1423 | D:2      | Reached skill level 1 in Poison Magic
  1572 | D:3      | Reached XP level 5. HP: 42/43 MP: 12/12
  1583 | D:3      | Found a white marble altar of Elyvilon.
  2067 | D:3      | HP: 2/43 [gnoll/spear (9)]
  2089 | D:3      | HP: 3/64 [gnoll/spear (3)]
  2099 | D:3      | HP: 3/64 [gnoll/spear (3)]
  2105 | D:3      | Slain by a gnoll

Skill      XL: |  1  2  3  4 |
---------------+-------------+-----
Spellcasting   | 5 |  5.1
Short Blades   | 1 |  1.3
Axes           | 1 |  1.3
Maces & Flails | 1 |  1.3
Polearms       | 1 |  1.3
Staves         | 1 |  1.3
Slings         | 1 |  1.3
Bows           | 1 |  1.3
Crossbows      | 1 |  1.3
Throwing       | 1 |  1.3
Stealth        | 1 |  1.3
Shields        | 1 |  1.3
Unarmed Combat | 1 |  1.3
Invocations    | 1 |  1.5
Evocations     | 1 |  1.3
Conjurations   | 1 |  1.1
Hexes          | 1 |  1.1
Summonings     | 1 |  1.1
Necromancy     | 1 |  1.1
Translocations | 1 |  1.1
Transmutations | 1 |  1.1
Fire Magic     | 1 |  1.1
Ice Magic      | 1 |  1.1
Air Magic      | 1 |  1.1
Earth Magic    | 1 |  1.1
Poison Magic   | 1 |  1.1
Fighting       | |  4.7
Long Blades    | |  4.7
Armour         | |  2.9
Dodging        | |  4.7
Charms         | |  5.5

Action                   |  1- 3 |  4- 6 || total
-------------------------+-------+-------++-------
Melee: Falchion          |    37 |    32 ||    69
       Bite              |     5 |     4 ||     9
       Scimitar          |       |    12 ||    12
 Cast: Infusion          |       |     1 ||     1
  Use: Scroll            |       |     5 ||     5
       Potion            |       |     4 ||     4
  Eat: Chunk             |       |     3 ||     3
Armor: Leather armour    |     8 |    12 ||    20
       Skin              |       |    20 ||    20
Dodge: Dodged            |    29 |    40 ||    69
Block: Other             |       |    17 ||    17
       Rpst.: Falchion   |     8 |     5 ||    13
       Scimitar          |       |     4 ||     4
